 Dungeon Crawl Stone Soup version 0.31.0-9-g3a7656b989 (webtiles) character file.

Game seed: 2851352762175214240

78721 qw the Spry (level 14, -11/73 HPs)
             Began as a Spriggan Hunter on Feb 3, 2024.
             Was the Champion of Okawaru.
             Mangled by a minotaur
             ... wielding the +8 quick blade "Gimble" {protect}
              (15 damage)
             ... in a Gauntlet.
             The game lasted 00:03:08 (16115 turns).

qw the Spry (Spriggan Hunter)                      Turns: 16115, Time: 00:03:08

Health: -11/73     AC: 12    Str:  9    XL:     14   Next: 87%
Magic:  22/22      EV: 37    Int: 20    God:    Okawaru [******]
Gold:   1552       SH:  0    Dex: 26    Spells: 13/13 levels left

rFire   + . .        t - +9 arbalest "Byfucs" {freeze, ^Drain Str+2 Int+3 Dex+3}
rCold   . . .        (shield currently unavailable)
rNeg    + + .        y - +0 swamp dragon scales
rPois   +            q - +2 hat of Okawaru's Respect {Will+}
rElec   .            n - +2 cloak
rCorr   .            (gloves unavailable)
SInv    +            (boots unavailable)
Will    +++..        k - amulet of faith
Stlth   +            C - ring "Tuaneg" {rF+ rN++ Int+6 Slay+3 Stlth-}
HPRegen 0.32/turn    l - +5 ring of evasion
MPRegen 0.18/turn

%: no teleportation, faith
@: very quick
A: very small, no large weapons, unfitting armour, see invisible, speed 3
a: Renounce Religion, Heroism, Finesse, Duel


You were in a Gauntlet.
You worshipped Okawaru.
Okawaru was exalted by your worship.
You visited 3 branches of the dungeon, and saw 17 of its levels.
You also visited: Gauntlet.

You collected 1582 gold pieces.
You spent 30 gold pieces at shops.


Innate Abilities, Weirdness & Mutations

You are very small and have problems with some larger weapons.
You are too small for most types of armour.
You have supernaturally acute eyesight. (SInv)
You cover ground extremely quickly. (Speed+++)


   Skills:
 - Level 8.0 Fighting
 - Level 18.0 Ranged Weapons
 + Level 2.4 Armour
 - Level 18.6 Dodging
 - Level 1.5 Stealth
 - Level 10.0 Invocations


You had 13 spell levels left.
You didn't know any spells.
Your spell library was empty.

Inventory:

Hand Weapons
 t - the +9 arbalest "Byfucs" (weapon) {freeze, ^Drain Str+2 Int+3 Dex+3}
   (Okawaru gifted it to you on level 2 of the Lair of Beasts)

   Str+2:     It affects your strength (+2).
   Int+3:     It affects your intelligence (+3).
   Dex+3:     It affects your dexterity (+3).
   ^Drain:    It drains your maximum health when unequipped.
Armour
 a - a +0 troll leather armour
 n - a +2 cloak (worn)
 q - the +2 hat of Okawaru's Respect (worn) {Will+}
   (Okawaru gifted it to you on level 2 of the Lair of Beasts)

   Will+:     It increases your willpower.
 y - +0 swamp dragon scales (worn)
Jewellery
 f - the amulet of Ysacaatz {rElec Regen+ Str+4 Int-2}
   (You acquired it on level 2 of the Dungeon)

   [amulet of regeneration]

   Str+4:     It affects your strength (+4).
   Int-2:     It affects your intelligence (-2).
   rElec:     It insulates you from electricity.
   Regen+:    It increases your rate of health regeneration.
 k - an amulet of faith (around neck)
 l - a +5 ring of evasion (right hand)
 o - the ring of Duuk {rF+ rC+ Str+3}
   (You found it in a Gauntlet)

   [ring of protection from cold]

   Str+3:     It affects your strength (+3).
   rF+:       It protects you from fire.
   rC+:       It protects you from cold.
 C - the ring "Tuaneg" (left hand) {rF+ rN++ Int+6 Slay+3 Stlth-}
   (You acquired it on level 5 of the Lair of Beasts)

   [ring of intelligence]

   Int+6:     It affects your intelligence (+6).
   Slay+3:    It affects your accuracy & damage with ranged weapons and melee
   (+3).
   rF+:       It protects you from fire.
   rN++:      It greatly protects you from negative energy.
   Stlth-:    It makes you less stealthy.
 Y - a ring of poison resistance
Wands
 c - a wand of paralysis (14)
 g - a wand of acid (4)
 p - a wand of iceblast (7)
 s - a wand of polymorph (15)
 v - a wand of mindburst (3)
 B - a wand of digging (4)
Scrolls
 h - a scroll of enchant weapon
 j - 7 scrolls of identify
 A - a scroll of teleportation
Potions
 b - 8 potions of curing
 d - 2 potions of might
 e - 2 potions of mutation
 i - 2 potions of haste
 m - a potion of enlightenment
 x - a potion of magic

Dungeon Overview and Level Annotations

Branches:
Dungeon (11/15)            Temple (1/1) D:5            Lair (5/5) D:10
 Shoals (0/4) Lair:2       Spider (0/4) Lair:2        Slime (0/5) Lair:5
    Orc (0/2) D:10        Gauntlet (1/1)

Altars:
Ashenzari
Cheibriados
Dithmenos
Elyvilon
Fedhas
Gozag
Hepliaklqana
Kikubaaqudgha
Makhleb
Nemelex Xobeh
Okawaru
Qazlal
Ru
Sif Muna
Trog
Uskayaw
Vehumet
Wu Jian
Xom
Yredelemnul
Zin
The Shining One

Shops:
D:2 !   D:8 :   D:10 (

Portals:
Trove: D:10 (give +2 gold dragon scales)

Annotations:
Lair:2 exclusion: 5 killer bees Gauntlet 8 transporters


Message History

You shoot a bolt. The bolt hits the white ugly thing!!!
You kill the white ugly thing!
Okawaru accepts your kill.
You start resting.
Magic restored.
You now have 1552 gold pieces (gained 31).
Partly explored, unvisited transporter.
Partly explored, unvisited transporter.
You see here a lightning rod (4/4).
There is a transporter here.
Partly explored, unvisited transporter.
You enter the transporter and appear at another place.
Found a gate leading back out of this place.
A minotaur comes into view.
It is wielding the +8 pair of quick blades "Gyre" and "Gimble" {protect}.
You shoot a bolt. The bolt barely misses the minotaur.
The minotaur bellows!
You shoot a bolt.
The bolt hits the minotaur but does no damage.
The minotaur throws a javelin.
The javelin completely misses you.
You shoot a bolt. The bolt hits the minotaur!
The bolt freezes the minotaur.
The minotaur is lightly wounded.
Your hands slow down.
You shoot a bolt. The bolt hits the minotaur!!
The bolt freezes the minotaur.
The minotaur is heavily wounded.
You shoot a bolt.
The bolt hits the minotaur but does no damage.
The minotaur is heavily wounded.
The minotaur completely misses you. x2
The minotaur hits you with the +8 quick blade "Gyre" {protect}.
The minotaur hits you with the +8 quick blade "Gimble" {protect}!!
The minotaur misses you. The minotaur closely misses you.
The minotaur barely misses you.
The minotaur hits you with the +8 quick blade "Gyre" {protect}!!
The minotaur hits you with the +8 quick blade "Gimble" {protect}!
The minotaur completely misses you.
You shoot a bolt. The bolt hits the minotaur.
The bolt freezes the minotaur.
The minotaur is heavily wounded.
The minotaur completely misses you.
The minotaur hits you with the +8 quick blade "Gimble" {protect}!
You die...

#############
#...........#
#.####.####.#
#.......#.##
#.#####.#..# #
#@##.# #.\.H..#.#
#8.8##.#.# ####
.#.# .#.#
###########.#
#...........#
#########.#########
#~...............~#


You could see a minotaur.

Vanquished Creatures
  A dire elephant (Lair:5)
  A great orb of eyes (Gauntlet)
  3 catoblepae (Lair:3)
  An ice dragon (Lair:5)
  3 hydras
  A two-headed ogre (D:10)
  5 death yaks (Lair:5)
  A hell hog (Lair:5)
  A skyshark (Lair:5)
  Amaemon (D:8)
  A swamp dragon (Lair:5)
  Pikel (D:6)
  7 lindwurms
  A harpy (Lair:2)
  2 ugly things
  Maurice (D:10)
  A meliai (Lair:2)
  23 elephants
  A black mamba (Lair:3)
  3 torpor snails
  An orange demon (D:8)
  15 cane toads
  Maggie (D:7)
  13 komodo dragons
  13 rime drakes
  A troll (D:9)
  11 polar bears (Lair:5)
  Grinder (D:4)
  A raiju (Lair:5)
  5 dream sheep
  16 blink frogs
  10 wyverns
  2 centaur simulacra (Gauntlet)
  A wraith (D:9)
  12 basilisks
  62 yaks
  6 wargs (Lair:5)
  3 steam dragons
  Grum (D:8)
  Menkaure (D:6)
  Edmund (D:6)
  An acid dragon (Lair:5)
  20 water moccasins
  14 hell hounds (Lair:5)
  4 orc warriors
  A sky beast (D:6)
  12 black bears
  An ice beast (D:7)
  An ice dragon simulacrum (Gauntlet)
  2 ogres
  6 centaurs
  22 wolves
  2 lemures (D:6)
  A phantom (D:4)
  4 kobold brigands
  5 scorpions
  11 bullfrogs
  4 wights (D:9)
  15 killer bees
  4 howler monkeys
  A bombardier beetle (D:5)
  3 hounds
  2 jellies
  5 orc priests
  2 gnoll boudas
  9 iguanas
  8 orc wizards
  7 adders
  6 gnolls
  2 white imps
  A dart slug (D:3)
  A ribbon worm (D:2)
  37 orcs
  9 endoplasms
  3 giant cockroaches
  7 goblins
  7 hobgoblins
  8 jackals
  3 quokkas
  6 ball pythons
  3 bats
  3 frilled lizards
  28 kobolds
  7 rats
534 creatures vanquished.

Notes
Turn   | Place    | Note
-------+----------+-------------------------------------------
     0 | D:1      | qw the Spriggan Hunter began the quest for the Orb.
     0 | D:1      | Reached XP level 1. HP: 10/10 MP: 2/2
     0 | D:1      | 0 ||| qw: Version: 0.3-a-155-g5e7d8dd
     0 | D:1      | 0 ||| qw: Game counter: 2896
     0 | D:1      | 0 ||| qw: Melee chars always use a shield: true
     0 | D:1      | 0 ||| qw: God list: Okawaru
     0 | D:1      | 0 ||| qw: Allow faded altars: false
     0 | D:1      | 0 ||| qw: Do Orc after clearing Dungeon:15 true
     0 | D:1      | 0 ||| qw: Do second Lair branch before Depths: true
     0 | D:1      | 0 ||| qw: Lair rune preference: random
     0 | D:1      | 0 ||| qw: Goals: Normal
     0 | D:1      | 0 ||| PLANNING D:1-11
    34 | D:1      | Reached skill level 3 in Dodging
    98 | D:1      | Reached XP level 2. HP: 14/14 MP: 3/3
   523 | D:1      | Reached XP level 3. HP: 18/18 MP: 4/4
   955 | D:1      | 955 ||| READING 2 scrolls labelled YLEPUENUTYRCH.
   956 | D:1      | 956 ||| DRINKING 2 fuming brown potions.
  1060 | D:1      | 1060 ||| DROPPING scroll of butterflies.
  1061 | D:1      | 1061 ||| DROPPING potion of berserk rage.
  1062 | D:1      | 1062 ||| DROPPING scroll of revelation.
  1110 | D:2      | Found Piahinao's Distillery.
  1123 | D:2      | 1123 ||| SHOPLISTING 2 potions of curing (60 gold, have
                  | 53).
  1123 | D:2      | 1123 ||| BUYING potion of curing (30 gold).
  1123 | D:2      | Bought a potion of curing for 30 gold pieces
  1123 | D:2      | 1123 ||| SHOPLISTING potion of curing (30 gold, have 23).
  1123 | D:2      | 1123 ||| SHOPLISTING potion of enlightenment (50 gold, have
                  | 23).
  1123 | D:2      | 1123 ||| SHOPLISTING potion of haste (100 gold, have 23).
  1123 | D:2      | 1123 ||| SHOPLISTING potion of might (40 gold, have 23).
  1123 | D:2      | 1123 ||| SHOPLISTING potion of resistance (100 gold, have
                  | 23).
  1511 | D:2      | Reached XP level 4. HP: 22/22 MP: 5/5
  1630 | D:2      | 1630 ||| READING scroll labelled GIRGHI TUSASH.
  1633 | D:2      | 1633 ||| READING scroll labelled LOUNLE PATING.
  1633 | D:2      | Identified a scroll of acquirement
  1633 | D:2      | 1633 ||| ACQUIRING amulet of Ysacaatz {rElec Regen+ Str+4
                  | Int-2}
  1633 | D:2      | Acquired the amulet of Ysacaatz {rElec Regen+ Str+4 Int-2}
  1635 | D:2      | 1635 ||| UPGRADING to amulet of Ysacaatz {rElec Regen+
                  | Str+4 Int-2}.
  1640 | D:2      | 1640 ||| DRINKING 2 ruby potions.
  1992 | D:3      | Found a faded altar of an unknown god.
  2283 | D:3      | 2283 ||| UPGRADING to +2 cloak.
  2288 | D:3      | 2288 ||| UPGRADING to amulet of faith.
  2298 | D:3      | 2298 ||| UPGRADING to +5 ring of evasion.
  2299 | D:3      | 2299 ||| READING scroll labelled WEACUN RIONN.
  2299 | D:3      | 2299 ||| ENCHANTING +0 shortbow.
  2300 | D:3      | 2300 ||| READING 2 scrolls labelled KIJIDE KAOFIZ.
  2300 | D:3      | 2300 ||| IDENTIFYING fuming emerald potion
  2301 | D:3      | 2301 ||| READING scroll of identify.
  2301 | D:3      | 2301 ||| IDENTIFYING 2 dark potions
  2302 | D:3      | 2302 ||| READING scroll labelled LICKIE TOASCH.
  2403 | D:3      | 2403 ||| DRINKING 2 metallic clear potions.
  2404 | D:3      | 2404 ||| DROPPING 2 potions of brilliance.
  2478 | D:4      | Reached XP level 5. HP: 26/26 MP: 6/6
  2640 | D:4      | Noticed a phantom
  2659 | D:4      | Killed a phantom
  2705 | D:4      | Reached skill level 6 in Ranged Weapons
  2705 | D:4      | Reached XP level 6. HP: 30/30 MP: 7/7
  2870 | D:4      | Noticed Grinder
  2883 | D:4      | Killed Grinder
  3238 | D:4      | Reached XP level 7. HP: 32/35 MP: 8/8
  3279 | D:4      | 3279 ||| UPGRADING to ring of willpower.
  3280 | D:4      | 3280 ||| READING scroll labelled HASACRATOL.
  3281 | D:4      | 3281 ||| READING scroll labelled SAWEACIALE.
  3292 | D:5      | Entered Level 5 of the Dungeon
  3461 | D:5      | Found a basalt altar of Yredelemnul.
  3589 | D:5      | Found a staircase to the Ecumenical Temple.
  3590 | D:5      | 3590 ||| PLANNING TEMPLE
  3590 | D:5      | 3590 ||| READING scroll labelled SUDEUZ CYETI.
  3590 | D:5      | 3590 ||| ENCHANTING +0 shortbow.
  3591 | D:5      | 3591 ||| READING scroll labelled KIDING KACSIPS.
  3592 | D:5      | 3592 ||| DRINKING 2 bubbling white potions.
  3593 | D:5      | 3593 ||| DRINKING 2 fuming sapphire potions.
  3643 | D:5      | 3643 ||| DROPPING potion of attraction.
  3644 | D:5      | 3644 ||| DROPPING potion of lignification.
  3653 | Temple   | Entered the Ecumenical Temple
  3654 | Temple   | 3654 ||| PLANNING OKAWARU WORSHIP
  3660 | Temple   | Became a worshipper of Warmaster Okawaru
  3661 | Temple   | 3661 ||| PLANNING D:1-11
  3744 | D:5      | 3744 ||| RETREEEEATING.
  3745 | D:5      | 3745 ||| RETREEEEATING.
  3765 | D:5      | Reached skill level 3 in Fighting
  3765 | D:5      | Reached XP level 8. HP: 39/40 MP: 9/9
  3932 | D:5      | HP: 9/40 [orc priest/nerve-wracking pain (9)]
  3933 | D:5      | 3933 ||| READING 3 scrolls of teleportation.
  4244 | D:6      | Found a broken altar of Ashenzari.
  4320 | D:6      | Noticed Pikel
  4321 | D:6      | 4321 ||| RETREEEEATING.
  4322 | D:6      | 4322 ||| RETREEEEATING.
  4325 | D:6      | 4325 ||| RETREEEEATING.
  4326 | D:6      | 4326 ||| RETREEEEATING.
  4327 | D:6      | 4327 ||| RETREEEEATING.
  4328 | D:6      | 4328 ||| RETREEEEATING.
  4330 | D:6      | 4330 ||| RETREEEEATING.
  4331 | D:6      | 4331 ||| RETREEEEATING.
  4332 | D:6      | 4332 ||| RETREEEEATING.
  4333 | D:6      | 4333 ||| RETREEEEATING.
  4334 | D:6      | 4334 ||| RETREEEEATING.
  4335 | D:6      | 4335 ||| RETREEEEATING.
  4336 | D:6      | 4336 ||| RETREEEEATING.
  4337 | D:6      | 4337 ||| RETREEEEATING.
  4339 | D:6      | 4339 ||| RETREEEEATING.
  4340 | D:6      | 4340 ||| RETREEEEATING.
  4341 | D:6      | 4341 ||| RETREEEEATING.
  4342 | D:6      | 4342 ||| RETREEEEATING.
  4344 | D:6      | 4344 ||| RETREEEEATING.
  4345 | D:6      | 4345 ||| RETREEEEATING.
  4346 | D:6      | 4346 ||| RETREEEEATING.
  4348 | D:6      | 4348 ||| RETREEEEATING.
  4349 | D:6      | 4349 ||| RETREEEEATING.
  4351 | D:6      | 4351 ||| RETREEEEATING.
  4355 | D:6      | 4355 ||| RETREEEEATING.
  4356 | D:6      | 4356 ||| RETREEEEATING.
  4357 | D:6      | 4357 ||| RETREEEEATING.
  4358 | D:6      | 4358 ||| RETREEEEATING.
  4359 | D:6      | 4359 ||| RETREEEEATING.
  4360 | D:6      | 4360 ||| RETREEEEATING.
  4361 | D:6      | 4361 ||| RETREEEEATING.
  4363 | D:6      | 4363 ||| RETREEEEATING.
  4384 | D:6      | HP: 9/40 [lemure[Pikel] (6)]
  4385 | D:6      | 4385 ||| READING 3 scrolls of teleportation.
  4386 | D:6      | HP: 4/40 [lemure[Pikel] (5)]
  4391 | D:6      | 4391 ||| FLEEEEING.
  4392 | D:6      | 4392 ||| FLEEEEING.
  4393 | D:6      | 4393 ||| FLEEEEING.
  4394 | D:6      | 4394 ||| FLEEEEING.
  4395 | D:6      | 4395 ||| FLEEEEING.
  4396 | D:6      | 4396 ||| FLEEEEING.
  4397 | D:6      | 4397 ||| FLEEEEING.
  4399 | D:6      | 4399 ||| FLEEEEING.
  4400 | D:6      | 4400 ||| FLEEEEING.
  4401 | D:6      | 4401 ||| FLEEEEING.
  4403 | D:6      | 4403 ||| FLEEEEING.
  4404 | D:6      | 4404 ||| FLEEEEING.
  4406 | D:6      | 4406 ||| FLEEEEING.
  4413 | D:6      | 4413 ||| READING 2 scrolls of teleportation.
  4416 | D:6      | 4416 ||| READING scroll of teleportation.
  4677 | D:6      | Reached * piety under Okawaru
  4678 | D:6      | Reached skill level 9 in Ranged Weapons
  4885 | D:6      | 4885 ||| INVOKING Heroism.
  4896 | D:6      | 4896 ||| FLEEEEING.
  4897 | D:6      | 4897 ||| FLEEEEING.
  4898 | D:6      | 4898 ||| FLEEEEING.
  4899 | D:6      | 4899 ||| FLEEEEING.
  4900 | D:6      | 4900 ||| FLEEEEING.
  4901 | D:6      | 4901 ||| FLEEEEING.
  4902 | D:6      | 4902 ||| FLEEEEING.
  4903 | D:6      | 4903 ||| FLEEEEING.
  4904 | D:6      | 4904 ||| FLEEEEING.
  4906 | D:6      | 4906 ||| FLEEEEING.
  4909 | D:6      | 4909 ||| RETREEEEATING.
  4912 | D:6      | 4912 ||| RETREEEEATING.
  4913 | D:6      | 4913 ||| RETREEEEATING.
  4914 | D:6      | 4914 ||| RETREEEEATING.
  4915 | D:6      | 4915 ||| RETREEEEATING.
  4916 | D:6      | 4916 ||| ZAPPING wand of iceblast (3) at 3,-4 (Pikel;
                  | floor).
  4916 | D:6      | Killed Pikel
  4916 | D:6      | Reached ** piety under Okawaru
  5037 | D:6      | Reached skill level 1 in Invocations
  5037 | D:6      | Reached XP level 9. HP: 40/44 MP: 9/11
  5062 | D:6      | 5062 ||| Stepping ~*~*~tactically~*~*~ (cloud).
  5068 | D:6      | 5068 ||| Stepping ~*~*~tactically~*~*~ (cloud).
  5110 | D:6      | Noticed Menkaure
  5112 | D:6      | 5112 ||| INVOKING Heroism.
  5118 | D:6      | Killed Menkaure
  5172 | D:6      | Reached skill level 3 in Invocations
  5313 | D:6      | Noticed Edmund
  5331 | D:6      | Killed Edmund
  5582 | D:6      | 5582 ||| UPGRADING to +2 robe.
  5592 | D:6      | 5592 ||| DROPPING +0 robe.
  5593 | D:6      | 5593 ||| READING 2 scrolls of identify.
  5593 | D:6      | 5593 ||| IDENTIFYING blue potion
  5594 | D:6      | 5594 ||| READING scroll of identify.
  5594 | D:6      | 5594 ||| IDENTIFYING orange potion
  5595 | D:6      | 5595 ||| READING scroll labelled GEATAO NEKLOEJ.
  5609 | D:7      | Noticed Maggie
  5610 | D:7      | 5610 ||| INVOKING Heroism.
  5624 | D:7      | Killed Maggie
  5642 | D:7      | Reached *** piety under Okawaru
  6433 | D:7      | 6433 ||| UPGRADING to +0 steam dragon scales.
  6443 | D:7      | 6443 ||| DROPPING +2 robe.
  6444 | D:7      | 6444 ||| READING scroll labelled AKKAAP MEUCLALE.
  6446 | D:7      | 6446 ||| Stepping ~*~*~tactically~*~*~ (cloud).
  6561 | D:8      | Reached skill level 1 in Armour
  6691 | D:8      | Noticed Amaemon
  6692 | D:8      | 6692 ||| INVOKING Heroism.
  6709 | D:8      | HP: 9/45 [Amaemon/+0 demon whip of venom (5)]
  6710 | D:8      | 6710 ||| DRINKING 2 potions of heal wounds.
  6714 | D:8      | 6714 ||| DRINKING potion of heal wounds.
  6720 | D:8      | Killed Amaemon
  6720 | D:8      | Reached **** piety under Okawaru
  6721 | D:8      | Reached XP level 10. HP: 20/49 MP: 14/14
  6845 | D:8      | Noticed an orange demon
  6846 | D:8      | 6846 ||| INVOKING Finesse.
  6861 | D:8      | Killed an orange demon
  6915 | D:8      | Found Ohuil's Self-Improvement Boutique.
  7122 | D:8      | 7122 ||| SWAPPING to +0 orcbow.
  7134 | D:8      | 7134 ||| DROPPING +1 shortbow.
  7244 | D:8      | 7244 ||| RETREEEEATING.
  7245 | D:8      | 7245 ||| INVOKING Finesse.
  7275 | D:8      | Reached skill level 12 in Dodging
  7379 | D:8      | Noticed Grum
  7380 | D:8      | 7380 ||| RETREEEEATING.
  7381 | D:8      | 7381 ||| RETREEEEATING.
  7383 | D:8      | 7383 ||| RETREEEEATING.
  7384 | D:8      | 7384 ||| RETREEEEATING.
  7385 | D:8      | 7385 ||| RETREEEEATING.
  7387 | D:8      | 7387 ||| RETREEEEATING.
  7388 | D:8      | 7388 ||| RETREEEEATING.
  7389 | D:8      | 7389 ||| RETREEEEATING.
  7391 | D:8      | 7391 ||| RETREEEEATING.
  7392 | D:8      | 7392 ||| RETREEEEATING.
  7394 | D:8      | 7394 ||| RETREEEEATING.
  7395 | D:8      | 7395 ||| RETREEEEATING.
  7403 | D:8      | 7403 ||| RETREEEEATING.
  7417 | D:8      | Killed Grum
  7726 | D:8      | 7726 ||| READING 2 scrolls of identify.
  7726 | D:8      | 7726 ||| IDENTIFYING scroll labelled QYXKAY PAAGA
  7727 | D:8      | 7727 ||| READING scroll of identify.
  7727 | D:8      | 7727 ||| IDENTIFYING scroll labelled MELIOLLIDE
  7728 | D:8      | 7728 ||| DROPPING scroll of fear.
  7729 | D:8      | 7729 ||| DROPPING scroll of torment.
  7757 | D:9      | 7757 ||| RETREEEEATING.
  7758 | D:9      | 7758 ||| INVOKING Finesse.
  7783 | D:9      | Reached skill level 6 in Invocations
  7805 | D:9      | Reached ***** piety under Okawaru
  7919 | D:9      | 7919 ||| READING scroll of enchant weapon.
  7919 | D:9      | 7919 ||| ENCHANTING +0 orcbow.
  8239 | D:9      | Reached skill level 12 in Ranged Weapons
  8239 | D:9      | Reached XP level 11. HP: 24/53 MP: 17/17
  8344 | D:9      | 8344 ||| READING scroll of enchant armour.
  8344 | D:9      | 8344 ||| ENCHANTING +0 steam dragon scales.
  8382 | D:9      | 8382 ||| RETREEEEATING.
  8389 | D:9      | 8389 ||| RETREEEEATING.
  8390 | D:9      | 8390 ||| RETREEEEATING.
  8391 | D:9      | 8391 ||| RETREEEEATING.
  8392 | D:9      | 8392 ||| RETREEEEATING.
  8393 | D:9      | 8393 ||| RETREEEEATING.
  8394 | D:9      | 8394 ||| RETREEEEATING.
  8395 | D:9      | 8395 ||| RETREEEEATING.
  8396 | D:9      | 8396 ||| RETREEEEATING.
  8397 | D:9      | 8397 ||| RETREEEEATING.
  8400 | D:9      | 8400 ||| RETREEEEATING.
  8402 | D:9      | 8402 ||| RETREEEEATING.
  8429 | D:9      | HP: 13/53 [poisoned by a killer bee]
  8430 | D:9      | 8430 ||| DRINKING potion of heal wounds.
  8619 | D:9      | Found a burning altar of Makhleb.
  8744 | D:9      | Received a gift from Okawaru
  8854 | D:9      | 8854 ||| UPGRADING to +0 troll leather armour.
  8864 | D:9      | 8864 ||| DROPPING +1 steam dragon scales.
  8865 | D:9      | 8865 ||| DROPPING ring of wizardry.
  8866 | D:9      | 8866 ||| UPGRADING to ring of poison resistance.
  8898 | D:10     | Entered Level 10 of the Dungeon
  8898 | D:10     | Found Ihixtyg's Weapon Boutique.
  8900 | D:10     | 8900 ||| STAIRDANCE
  8927 | D:10     | 8927 ||| STAIRDANCE
  8933 | D:10     | 8933 ||| STAIRDANCE
  8938 | D:10     | 8938 ||| STAIRDANCE
  8947 | D:10     | 8947 ||| STAIRDANCE
  8990 | D:10     | 8990 ||| STAIRDANCE
  9020 | D:10     | 9020 ||| STAIRDANCE
  9028 | D:10     | 9028 ||| STAIRDANCE
  9036 | D:10     | 9036 ||| STAIRDANCE
  9082 | D:10     | 9082 ||| STAIRDANCE
  9090 | D:10     | 9090 ||| STAIRDANCE
  9101 | D:10     | 9101 ||| STAIRDANCE
  9106 | D:10     | 9106 ||| Stepping ~*~*~tactically~*~*~ (cloud).
  9107 | D:10     | Found a staircase to the Orcish Mines.
  9312 | D:10     | HP: 12/55 [elephant (12)]
  9313 | D:10     | 9313 ||| READING scroll of teleportation.
  9329 | D:10     | Received a gift from Okawaru
  9368 | D:10     | Noticed a two-headed ogre
  9370 | D:10     | 9370 ||| INVOKING Finesse.
  9378 | D:10     | Killed a two-headed ogre
  9516 | D:10     | Noticed Maurice
  9526 | D:10     | Paralysed by Maurice for 3 turns
  9530 | D:10     | Killed Maurice
  9633 | D:10     | Found a portal to a secret trove of treasure.
  9726 | D:10     | Found a staircase to the Lair.
  9836 | D:10     | 9836 ||| PLANNING LAIR
  9868 | Lair:1   | Entered Level 1 of the Lair of Beasts
  9872 | Lair:1   | 9872 ||| RETREEEEATING.
  9873 | Lair:1   | 9873 ||| RETREEEEATING.
  9875 | Lair:1   | 9875 ||| RETREEEEATING.
  9886 | Lair:1   | Reached skill level 9 in Invocations
 10003 | Lair:1   | 10003 ||| RETREEEEATING.
 10004 | Lair:1   | 10004 ||| RETREEEEATING.
 10005 | Lair:1   | 10005 ||| RETREEEEATING.
 10006 | Lair:1   | 10006 ||| RETREEEEATING.
 10008 | Lair:1   | 10008 ||| RETREEEEATING.
 10009 | Lair:1   | 10009 ||| RETREEEEATING.
 10010 | Lair:1   | 10010 ||| RETREEEEATING.
 10012 | Lair:1   | 10012 ||| RETREEEEATING.
 10013 | Lair:1   | 10013 ||| RETREEEEATING.
 10014 | Lair:1   | 10014 ||| RETREEEEATING.
 10015 | Lair:1   | 10015 ||| RETREEEEATING.
 10189 | Lair:1   | 10189 ||| RETREEEEATING.
 10192 | Lair:1   | 10192 ||| RETREEEEATING.
 10194 | Lair:1   | 10194 ||| RETREEEEATING.
 10195 | Lair:1   | 10195 ||| RETREEEEATING.
 10196 | Lair:1   | 10196 ||| RETREEEEATING.
 10197 | Lair:1   | 10197 ||| RETREEEEATING.
 10198 | Lair:1   | 10198 ||| RETREEEEATING.
 10199 | Lair:1   | 10199 ||| RETREEEEATING.
 10200 | Lair:1   | 10200 ||| RETREEEEATING.
 10201 | Lair:1   | 10201 ||| RETREEEEATING.
 10202 | Lair:1   | 10202 ||| RETREEEEATING.
 10203 | Lair:1   | 10203 ||| RETREEEEATING.
 10204 | Lair:1   | 10204 ||| RETREEEEATING.
 10206 | Lair:1   | 10206 ||| INVOKING Finesse.
 10238 | Lair:1   | Received a gift from Okawaru
 10658 | Lair:2   | 10658 ||| RETREEEEATING.
 10660 | Lair:2   | 10660 ||| RETREEEEATING.
 10661 | Lair:2   | 10661 ||| RETREEEEATING.
 10701 | Lair:2   | 10701 ||| RETREEEEATING.
 10702 | Lair:2   | 10702 ||| RETREEEEATING.
 10703 | Lair:2   | 10703 ||| RETREEEEATING.
 10704 | Lair:2   | 10704 ||| RETREEEEATING.
 10705 | Lair:2   | 10705 ||| RETREEEEATING.
 10735 | Lair:2   | 10735 ||| RETREEEEATING.
 10736 | Lair:2   | 10736 ||| RETREEEEATING.
 10737 | Lair:2   | 10737 ||| RETREEEEATING.
 10738 | Lair:2   | 10738 ||| RETREEEEATING.
 10739 | Lair:2   | 10739 ||| RETREEEEATING.
 10740 | Lair:2   | 10740 ||| RETREEEEATING.
 10742 | Lair:2   | 10742 ||| RETREEEEATING.
 10744 | Lair:2   | 10744 ||| RETREEEEATING.
 10745 | Lair:2   | 10745 ||| RETREEEEATING.
 10746 | Lair:2   | 10746 ||| RETREEEEATING.
 10747 | Lair:2   | 10747 ||| RETREEEEATING.
 10750 | Lair:2   | 10750 ||| RETREEEEATING.
 10751 | Lair:2   | 10751 ||| RETREEEEATING.
 10752 | Lair:2   | 10752 ||| RETREEEEATING.
 10753 | Lair:2   | 10753 ||| RETREEEEATING.
 10760 | Lair:2   | Reached XP level 12. HP: 60/60 MP: 20/20
 10876 | Lair:2   | 10876 ||| RETREEEEATING.
 10877 | Lair:2   | 10877 ||| RETREEEEATING.
 10882 | Lair:2   | 10882 ||| RETREEEEATING.
 10883 | Lair:2   | 10883 ||| RETREEEEATING.
 10884 | Lair:2   | 10884 ||| RETREEEEATING.
 10885 | Lair:2   | 10885 ||| RETREEEEATING.
 10886 | Lair:2   | 10886 ||| RETREEEEATING.
 10887 | Lair:2   | 10887 ||| RETREEEEATING.
 10889 | Lair:2   | 10889 ||| RETREEEEATING.
 10891 | Lair:2   | 10891 ||| RETREEEEATING.
 10922 | Lair:2   | Received a gift from Okawaru
 11007 | Lair:2   | 11007 ||| INVOKING Finesse.
 11163 | Lair:2   | Reached skill level 6 in Fighting
 11262 | Lair:2   | HP: 3/61 [komodo dragon (25)]
 11263 | Lair:2   | 11263 ||| READING scroll of teleportation.
 11264 | Lair:2   | 11264 ||| DRINKING potion of heal wounds.
 11313 | Lair:2   | Found a hole to the Spider Nest.
 11540 | Lair:2   | 11540 ||| RETREEEEATING.
 11542 | Lair:2   | 11542 ||| RETREEEEATING.
 11572 | Lair:2   | Reached ****** piety under Okawaru
 11573 | Lair:2   | 11573 ||| INVOKING Receive Weapon.
 11573 | Lair:2   | 11573 ||| ACQUIRING +9 arbalest "Byfucs" {freeze, ^Drain
                  | Str+2 Int+3 Dex+3}
 11573 | Lair:2   | Acquired the +9 arbalest "Byfucs" {freeze, ^Drain Str+2
                  | Int+3 Dex+3}
 11573 | Lair:2   | Received a gift from Okawaru
 11574 | Lair:2   | 11574 ||| INVOKING Receive Armour.
 11574 | Lair:2   | 11574 ||| ACQUIRING +2 hat of Okawaru's Respect {Will+}
 11574 | Lair:2   | Acquired the +2 hat of Okawaru's Respect {Will+}
 11574 | Lair:2   | Received a gift from Okawaru
 11576 | Lair:2   | 11576 ||| SWAPPING to +9 arbalest "Byfucs" {freeze, ^Drain
                  | Str+2 Int+3 Dex+3}.
 11577 | Lair:2   | 11577 ||| DROPPING +1 orcbow.
 11642 | Lair:2   | Received a gift from Okawaru
 11684 | Lair:2   | Found a staircase to the Shoals.
 12059 | Lair:2   | 12059 ||| UPGRADING to +2 hat of Okawaru's Respect {Will+}.
 12098 | Lair:3   | 12098 ||| STAIRDANCE
 12143 | Lair:3   | Reached skill level 15 in Dodging
 12259 | Lair:3   | 12259 ||| RETREEEEATING.
 12262 | Lair:3   | 12262 ||| RETREEEEATING.
 12265 | Lair:3   | 12265 ||| RETREEEEATING.
 12268 | Lair:3   | 12268 ||| RETREEEEATING.
 12358 | Lair:3   | Received a gift from Okawaru
 12462 | Lair:3   | Reached skill level 15 in Ranged Weapons
 12462 | Lair:3   | Reached XP level 13. HP: 65/65 MP: 21/21
 12502 | Lair:3   | 12502 ||| Stepping ~*~*~tactically~*~*~ (cloud).
 12507 | Lair:3   | 12507 ||| Stepping ~*~*~tactically~*~*~ (cloud).
 12509 | Lair:3   | 12509 ||| Stepping ~*~*~tactically~*~*~ (cloud).
 12512 | Lair:3   | 12512 ||| Stepping ~*~*~tactically~*~*~ (cloud).
 12582 | Lair:3   | 12582 ||| Stepping ~*~*~tactically~*~*~ (cloud).
 12597 | Lair:3   | Received a gift from Okawaru
 13167 | Lair:4   | Received a gift from Okawaru
 13367 | Lair:4   | 13367 ||| RETREEEEATING.
 13370 | Lair:4   | 13370 ||| RETREEEEATING.
 13372 | Lair:4   | 13372 ||| RETREEEEATING.
 13373 | Lair:4   | 13373 ||| RETREEEEATING.
 13374 | Lair:4   | 13374 ||| INVOKING Finesse.
 13484 | Lair:4   | 13484 ||| RETREEEEATING.
 13512 | Lair:4   | 13512 ||| RETREEEEATING.
 13515 | Lair:4   | 13515 ||| RETREEEEATING.
 13519 | Lair:4   | 13519 ||| RETREEEEATING.
 13523 | Lair:4   | 13523 ||| RETREEEEATING.
 13526 | Lair:4   | 13526 ||| RETREEEEATING.
 13535 | Lair:4   | Received a gift from Okawaru
 13636 | Lair:4   | 13636 ||| RETREEEEATING.
 13638 | Lair:4   | 13638 ||| INVOKING Finesse.
 13985 | Lair:4   | 13985 ||| DROPPING amulet of reflection.
 13986 | Lair:4   | 13986 ||| READING 7 scrolls of identify.
 13986 | Lair:4   | 13986 ||| IDENTIFYING grey potion
 14033 | Lair:5   | Entered Level 5 of the Lair of Beasts
 14048 | Lair:5   | 14048 ||| RETREEEEATING.
 14049 | Lair:5   | 14049 ||| RETREEEEATING.
 14087 | Lair:5   | Found a staircase to the Slime Pits.
 14089 | Lair:5   | 14089 ||| RETREEEEATING.
 14090 | Lair:5   | 14090 ||| RETREEEEATING.
 14092 | Lair:5   | 14092 ||| RETREEEEATING.
 14093 | Lair:5   | 14093 ||| RETREEEEATING.
 14094 | Lair:5   | 14094 ||| RETREEEEATING.
 14105 | Lair:5   | Received a gift from Okawaru
 14114 | Lair:5   | 14114 ||| RETREEEEATING.
 14132 | Lair:5   | Reached XP level 14. HP: 72/72 MP: 22/22
 14135 | Lair:5   | 14135 ||| RETREEEEATING.
 14136 | Lair:5   | 14136 ||| RETREEEEATING.
 14137 | Lair:5   | 14137 ||| RETREEEEATING.
 14141 | Lair:5   | 14141 ||| RETREEEEATING.
 14147 | Lair:5   | 14147 ||| RETREEEEATING.
 14213 | Lair:5   | 14213 ||| INVOKING Finesse.
 14215 | Lair:5   | Received a gift from Okawaru
 14312 | Lair:5   | 14312 ||| RETREEEEATING.
 14317 | Lair:5   | 14317 ||| RETREEEEATING.
 14319 | Lair:5   | 14319 ||| RETREEEEATING.
 14326 | Lair:5   | 14326 ||| RETREEEEATING.
 14327 | Lair:5   | 14327 ||| RETREEEEATING.
 14328 | Lair:5   | 14328 ||| RETREEEEATING.
 14333 | Lair:5   | 14333 ||| RETREEEEATING.
 14334 | Lair:5   | 14334 ||| RETREEEEATING.
 14380 | Lair:5   | Found an ornate altar of the Wu Jian Council.
 14449 | Lair:5   | Reached skill level 18 in Dodging
 14454 | Lair:5   | Received a gift from Okawaru
 14464 | Lair:5   | 14464 ||| RETREEEEATING.
 14465 | Lair:5   | 14465 ||| RETREEEEATING.
 14466 | Lair:5   | 14466 ||| RETREEEEATING.
 14467 | Lair:5   | 14467 ||| RETREEEEATING.
 14468 | Lair:5   | 14468 ||| RETREEEEATING.
 14469 | Lair:5   | 14469 ||| RETREEEEATING.
 14470 | Lair:5   | 14470 ||| RETREEEEATING.
 14472 | Lair:5   | 14472 ||| RETREEEEATING.
 14473 | Lair:5   | 14473 ||| RETREEEEATING.
 14474 | Lair:5   | 14474 ||| RETREEEEATING.
 14476 | Lair:5   | 14476 ||| RETREEEEATING.
 14477 | Lair:5   | 14477 ||| RETREEEEATING.
 14478 | Lair:5   | 14478 ||| RETREEEEATING.
 14479 | Lair:5   | 14479 ||| RETREEEEATING.
 14527 | Lair:5   | 14527 ||| RETREEEEATING.
 14532 | Lair:5   | 14532 ||| RETREEEEATING.
 14647 | Lair:5   | 14647 ||| INVOKING Finesse.
 14758 | Lair:5   | Received a gift from Okawaru
 14810 | Lair:5   | 14810 ||| Stepping ~*~*~tactically~*~*~ (cloud).
 14815 | Lair:5   | 14815 ||| Stepping ~*~*~tactically~*~*~ (cloud).
 14817 | Lair:5   | 14817 ||| Stepping ~*~*~tactically~*~*~ (cloud).
 14820 | Lair:5   | 14820 ||| Stepping ~*~*~tactically~*~*~ (cloud).
 14888 | Lair:5   | Got an earthy gem with 113 turns to spare
 15112 | Lair:5   | Reached skill level 18 in Ranged Weapons
 15119 | Lair:5   | 15119 ||| INVOKING Finesse.
 15168 | Lair:5   | 15168 ||| RETREEEEATING.
 15185 | Lair:5   | 15185 ||| INVOKING Heroism.
 15203 | Lair:5   | 15203 ||| RETREEEEATING.
 15205 | Lair:5   | 15205 ||| RETREEEEATING.
 15209 | Lair:5   | Received a gift from Okawaru
 15285 | Lair:5   | 15285 ||| READING scroll of acquirement.
 15285 | Lair:5   | 15285 ||| ACQUIRING ring "Tuaneg" {rF+ rN++ Int+6 Slay+3
                  | Stlth-}
 15285 | Lair:5   | Acquired the ring "Tuaneg" {rF+ rN++ Int+6 Slay+3 Stlth-}
 15287 | Lair:5   | 15287 ||| DROPPING ring of resist corrosion.
 15295 | Lair:5   | 15295 ||| RETREEEEATING.
 15319 | Lair:5   | 15319 ||| INVOKING Finesse.
 15320 | Lair:5   | 15320 ||| INVOKING Heroism.
 15322 | Lair:5   | 15322 ||| ZAPPING wand of acid (6) at -3,0 (hell hog;
                  | floor).
 15323 | Lair:5   | 15323 ||| ZAPPING wand of acid (5) at -2,0 (hell hog;
                  | floor).
 15324 | Lair:5   | Received a gift from Okawaru
 15490 | Lair:5   | 15490 ||| PLANNING D:1-11
 15490 | Lair:5   | 15490 ||| DROPPING scarf of harm.
 15491 | Lair:5   | 15491 ||| DROPPING ring of positive energy.
 15492 | Lair:5   | 15492 ||| UPGRADING to ring "Tuaneg" {rF+ rN++ Int+6 Slay+3
                  | Stlth-}.
 15494 | Lair:5   | 15494 ||| DROPPING ring of willpower.
 15495 | Lair:5   | 15495 ||| UPGRADING to +5 ring of evasion.
 15497 | Lair:5   | 15497 ||| UPGRADING to +0 swamp dragon scales.
 15507 | Lair:5   | 15507 ||| READING 9 scrolls of identify.
 15507 | Lair:5   | 15507 ||| IDENTIFYING sapphire potion
 15508 | Lair:5   | 15508 ||| READING 8 scrolls of identify.
 15508 | Lair:5   | 15508 ||| IDENTIFYING scroll labelled DAZXEP VAMAW
 15509 | Lair:5   | 15509 ||| DROPPING scroll of amnesia.
 15510 | Lair:5   | 15510 ||| DROPPING potion of degeneration.
 15607 | D:11     | Found a gate leading to a gauntlet.
 15608 | D:11     | 15608 ||| PLANNING GAUNTLET
 15608 | D:11     | 15608 ||| INVOKING Finesse.
 15745 | Gauntlet | Entered a Gauntlet
 15745 | Gauntlet | Found a transporter.
 15745 | Gauntlet | Found a transporter.
 15748 | Gauntlet | Found a transporter.
 15749 | Gauntlet | Found a transporter.
 15759 | Gauntlet | Found a transporter.
 15826 | Gauntlet | Found a transporter.
 15836 | Gauntlet | Found a transporter.
 15851 | Gauntlet | Found a transporter.
 15863 | Gauntlet | Found a transporter.
 15876 | Gauntlet | Found a transporter.
 15882 | Gauntlet | Found a transporter.
 15903 | Gauntlet | Found a transporter.
 16019 | Gauntlet | Identified the ring of Duuk {rF+ rC+ Str+3}
 16028 | Gauntlet | 16028 ||| DROPPING ring of protection from fire.
 16036 | Gauntlet | 16036 ||| INVOKING Finesse.
 16114 | Gauntlet | HP: 14/73 [minotaur/the +8 quick blade "Gyre" {protect}
                  | (28)]
 16114 | Gauntlet | HP: 4/73 [minotaur/the +8 quick blade "Gimble" {protect}
                  | (10)]
 16115 | Gauntlet | Mangled by a minotaur

Levels and vault maps discovered:
D:1:      mainiacjoe_arrival_oval_in_oval, layout_loops_cross, serial_bayou,
          serial_bayou_pond_a, serial_bayou_ford_a, serial_bayou_lake_a,
          serial_bayou_pond_c, serial_bayou_shore_a
D:2:      layout_basic, serial_shops, nicolae_shop_peninsula
D:3:      layout_basic, shapermc_ecumenical_altar_totnotflames
D:4:      nicolae_cairo_tiling_large, layout_gridville, uniq_grinder
D:5:      layout_rooms, old_standard_altar, minmay_temple_entry_junction
D:6:      layout_gridville, cheibrodos_ashenzari_chains, minmay_misc_feat_x,
          uniq_menkaure, uniq_pikel, uniq_edmund
D:7:      layout_layer_cave, uniq_maggie
D:8:      layout_basic, nicolae_shop_self_help, uniq_amaemon, uniq_grum
D:9:      layout_irregular_city, mainiacjoe_overflow_alcove_2,
          corexii_leaking_fountain, minivault_11, corexii_checkpoint
D:10:     layout_rooms, grunt_lair_entry_orc_guard_hut, orc_david_3,
          enter_trove_1, serial_rivers, chequers_serial_rivers_large_b,
          chequers_serial_rivers_marsh, chequers_serial_rivers_small_3,
          chequers_serial_rivers_room_b, chequers_serial_rivers_room_a,
          serial_park_tiny_2, uniq_maurice
D:11:     layout_cave_pools, gauntlet_entry_generic, grunt_livestock,
          minmay_misc_feat_columns, uniq_erolcha
Temple:   compressed_dpeg_triangle_lava_temple
Lair:1:   layout_regular_city, infiniplex_staircase_pool, lemuel_fruit_tree
Lair:2:   layout_roguey, mainiacjoe_shoals_entry_four_pools,
          hellmonk_spider_entry_not_the_bees, portal_ice_cave_rime
Lair:3:   regret_index_malice_mire, layout_long_grid, nicolae_lair_lil_pond,
          serial_bayou_pond_e, minmay_lindwurm_lava
Lair:4:   wad_woods_structure_01, layout_big_grid, nicolae_lair_lindhole
Lair:5:   guppyfry_lair_end_dragon, layout_loops_ring,
          hangedman_lair_caniforms_friends, slime_entry_1, lemuel_centaur_altar
Gauntlet: gammafunk_gauntlet_shortcut [gammafunk_gauntlet_arena_arrow_garden,
          nicolae_gauntlet_arena_flowing_pool, gammafunk_gauntlet_arena_split_x,
          nicolae_gauntlet_arena_t_cross, nicolae_gauntlet_arena_blocks,
          nicolae_gauntlet_arena_grate_2, dreamdust_gauntlet_exit_labyrinth]

Skill      XL: |  1  2  3  4  5  6  7  8  9 10 11 12 13 14 |
---------------+-------------------------------------------+-----
Dodging        | 3 4 5 7 10 11 12 13 15 17 18 | 18.6
Ranged Weapons | 5 6 8 9 10 12 13 15 16 18 | 18.0
Fighting       | 2 3 4 5 6 7 8 |  8.0
Invocations    | 1 4 7 10 | 10.0
Armour         | 1 2 |  2.4
Stealth        | |  1.5

Action                     |  1- 3 |  4- 6 |  7- 9 | 10-12 | 13-15 || total
---------------------------+-------+-------+-------+-------+-------++-------
   Fire: Shortbow          |   115 |   141 |   442 |    29 |       ||   727
         Orcbow            |       |       |       |  1058 |       ||  1058
         Arbalest          |       |       |       |    62 |   597 ||   659
 Invoke: Heroism           |       |       |     4 |       |     2 ||     6
         Finesse           |       |       |       |     6 |     8 ||    14
         Receive Weapon    |       |       |       |     1 |       ||     1
         Receive Armour    |       |       |       |     1 |       ||     1
  Evoke: Wand              |       |       |     1 |       |     2 ||     3
    Use: Scroll            |     1 |     6 |    12 |     6 |     4 ||    29
         Potion            |     1 |     2 |     4 |     2 |       ||     9
 Armour: Robe              |    15 |    11 |    41 |       |       ||    67
         Steam dragon scal |       |       |     7 |    48 |       ||    55
         Troll leather arm |       |       |       |   149 |    61 ||   210
         Swamp dragon scal |       |       |       |       |    10 ||    10
  Dodge: Dodged            |    46 |    68 |   271 |   990 |   388 ||  1763

Table legend:
 A = Non-vault XP
 B = Vault XP
 C = Vault XP percentage of total XP
 D = Non-vault monster count
 E = Vault monster count
 F = Vault count percentage of total count
                 A         B        C        D         E       F
            +---------+---------+-------+---------+---------+-------
      Total |   56946 |   41227 |  42.0 |     378 |     154 |  28.9
            +---------+---------+-------+---------+---------+-------
        D:1 |      47 |       0 |   0.0 |      30 |       0 |   0.0
        D:2 |      56 |       0 |   0.0 |      11 |       0 |   0.0
        D:3 |      88 |       0 |   0.0 |      19 |       0 |   0.0
        D:4 |     299 |     267 |  47.2 |      14 |       1 |   6.7
        D:5 |     833 |       0 |   0.0 |      24 |       0 |   0.0
        D:6 |    1224 |     982 |  44.5 |      18 |       3 |  14.3
        D:7 |     706 |     385 |  35.3 |      22 |       1 |   4.3
        D:8 |    1897 |    1715 |  47.5 |      24 |       6 |  20.0
        D:9 |    3426 |     763 |  18.2 |      40 |      11 |  21.6
       D:10 |    2111 |    1723 |  44.9 |      21 |       7 |  25.0
       D:11 |     562 |       0 |   0.0 |       1 |       0 |   0.0
     Lair:1 |    4651 |       0 |   0.0 |      22 |       0 |   0.0
     Lair:2 |    9143 |    2095 |  18.6 |      32 |       8 |  20.0
     Lair:3 |    5457 |   11096 |  67.0 |      19 |      28 |  59.6
     Lair:4 |    5281 |    4383 |  45.4 |      24 |      12 |  33.3
     Lair:5 |   21165 |   15784 |  42.7 |      57 |      72 |  55.8
   Gauntlet |       0 |    2034 | 100.0 |       0 |       5 | 100.0
            +---------+---------+-------+---------+---------+-------
